 Dungeon Crawl Stone Soup version 0.23.2 (webtiles) character file.

Game seed: 555201320570187218

905 Fang the Skirmisher (level 8, -2/76 HPs)
             Began as a Gargoyle Berserker on Apr 2, 2019.
             Was a Follower of Trog.
             Slain by an orc warrior
             ... wielding a +0 glaive
              (7 damage)
             ... on level 8 of the Dungeon.
             The game lasted 00:03:55 (4823 turns).

Fang the Skirmisher (Gargoyle Berserker)            Turns: 4823, Time: 00:03:55

Health: -2/76      AC: 15    Str: 28    XL:     8   Next: 8%
Magic:  8/8        EV: 12    Int:  8    God:    Trog [*.....]
Gold:   260        SH:  0    Dex: 12    Spells: 7/7 levels left

rFire    . . .     SeeInvis .   a - +0 hand axe
rCold    . . .     Gourm    .   (no shield)
rNeg     + . .     Faith    .   b - +1 scale mail
rPois    ∞         Spirit   .   n - +0 helmet
rElec    +         Reflect  .   (no cloak)
rCorr    .         Harm     .   (no gloves)
MR       .....                  (no boots)
Stlth    ..........             (no amulet)
HPRegen  0.22/turn              (no ring)
MPRegen  0.11/turn              i - +3 ring of dexterity

@: berserking, quick
A: negative energy resistance 1, electricity resistance, unbreathing,
petrification resistance, rot immunity, AC +5
a: Berserk, Renounce Religion


You were on level 8 of the Dungeon.
You worshipped Trog.
Trog was aware of your devotion.
You were hungry.

You visited 2 branches of the dungeon, and saw 7 of its levels.

You collected 260 gold pieces.

Inventory:

Hand Weapons
 a - a +0 hand axe (weapon)
Armour
 b - a +1 scale mail (worn)
 n - a +0 helmet (worn)
Jewellery
 i - a +3 ring of dexterity (right hand)
 x - an uncursed ring of ice
Scrolls
 e - a scroll of blinking
 j - a scroll of identify
 k - a scroll of remove curse
 l - a scroll of enchant weapon {unknown}
 o - a scroll of magic mapping
 p - 2 scrolls of teleportation
 w - 2 scrolls of fog
Potions
 d - 2 potions of haste
 f - 3 potions of agility {unknown}
 g - a potion of flight {unknown}
 h - a potion of lignification {unknown}
 m - a potion of magic {unknown}
 q - a potion of heal wounds {unknown}
 r - a potion of curing
 s - 2 potions of brilliance {unknown}
 u - a potion of degeneration {unknown}
 v - a potion of mutation {unknown}
Comestibles
 c - 5 rations
 t - 5 chunks of flesh


   Skills:
 + Level 5.8 Fighting
 + Level 4.9 Axes
 + Level 5.3 Armour
 + Level 3.9 Dodging


You had 7 spell levels left.
You didn't know any spells.
Your spell library was empty.

Dungeon Overview and Level Annotations

Branches:
Dungeon (5/15)             Temple (1/1) D:5

Altars:
Ashenzari
Gozag
Trog


Innate Abilities, Weirdness & Mutations

You are resistant to torment.
Your stone body is resilient. (AC +5)
You are immune to poison.
You resist negative energy. (rN+)
You are resistant to electric shocks. (rElec)
You can survive without breathing.
You are immune to petrification.
You are immune to rotting.


Message History

The orc warrior hits you from afar with a +0 glaive!
* * * LOW HITPOINT WARNING * * *
You closely miss the orc wizard.
The orc wizard is moderately wounded.
You completely miss the ogre.
Your scale mail prevents you from hitting the orc wizard.
You hit the orc priest.
You are engulfed in a cloud of scalding steam.
* * * LOW HITPOINT WARNING * * *
The orc wizard casts a spell at you. The magic dart hits you.
* * * LOW HITPOINT WARNING * * *
The orc priest misses you. The orc wizard misses you.
Your unstable footing causes you to fumble your attack.
You are engulfed in a cloud of scalding steam.
The orc wizard closely misses you.
The ogre hits you with a cursed +0 giant club!
* * * LOW HITPOINT WARNING * * *
The orc warrior hits you from afar with a +0 glaive!
You die...

#...... #......
.......## . #......#
.. .......#######...
#...#......... ..
+...)..o≈≈....
##.####...#o†≈≈≈≈...
#.........#.@≈≈≈....
..........#Ooo≈≈≈...
#.#####÷..#...≈.....
#. #...#.........
#.#####...#.........
#.....(...##########
#.........#
#.........#
#.........#


You could see an orc warrior, an ogre, an orc priest and 2 orc wizards.

Vanquished Creatures
  A hippogriff (D:8)
  3 ogres
  2 scorpions (D:4)
  A hound (D:4)
  A gnoll shaman (D:4)
  An orc priest (D:8)
  2 iguanas
  A worker ant (D:8)
  6 gnolls
  7 adders
  A shadow imp (D:5)
  2 oozes (D:4)
  6 leopard geckos
  2 orcs
  6 bats
  A giant cockroach (D:3)
  2 goblins
  3 hobgoblins
  9 jackals
  A ball python (D:4)
  A frilled lizard (D:1)
  5 kobolds
  A leopard gecko skeleton (D:4)
  A quokka skeleton (D:4)
  7 rats
73 creatures vanquished.

Notes
Turn   | Place    | Note
-------+----------+-------------------------------------------
     0 | D:1      | Fang the Gargoyle Berserker began the quest for the Orb.
     0 | D:1      | Reached XP level 1. HP: 14/14 MP: 1/1
    18 | D:1      | Reached XP level 2. HP: 8/19 MP: 2/2
   670 | D:1      | Found a shattered altar of Ashenzari.
   826 | D:1      | Reached XP level 3. HP: 22/23 MP: 3/3
  1346 | D:2      | Reached XP level 4. HP: 18/29 MP: 4/4
  1620 | D:2      | Found a faded altar of an unknown god.
  1838 | D:3      | Reached ** piety under Trog
  2499 | D:4      | Noticed an ogre
  2505 | D:4      | Killed an ogre
  2505 | D:4      | Reached XP level 5. HP: 34/34 MP: 5/5
  2733 | D:4      | Reached XP level 6. HP: 15/39 MP: 6/6
  3113 | D:4      | Found an opulent altar of Gozag.
  3718 | D:4      | Reached skill level 5 in Fighting
  3718 | D:4      | Reached XP level 7. HP: 43/44 MP: 7/7
  4184 | D:5      | Entered Level 5 of the Dungeon
  4291 | D:5      | Found a staircase to the Ecumenical Temple.
  4386 | Temple   | Entered the Ecumenical Temple
  4482 | D:5      | You fall through a shaft for 3 floors!
  4615 | D:8      | Noticed a hippogriff
  4639 | D:8      | Killed a hippogriff
  4639 | D:8      | Reached skill level 5 in Armour
  4639 | D:8      | Reached XP level 8. HP: 24/51 MP: 8/8
  4823 | D:8      | Slain by an orc warrior

Skill      XL: |  1  2  3  4  5  6  7 |
---------------+----------------------+-----
Axes           | 3 4 |  4.9
Dodging        | 2 3 |  3.9
Armour         | 3 4 5 |  5.3
Fighting       | 4 5 |  5.8

Action                   |  1- 3 |  4- 6 |  7- 9 || total
-------------------------+-------+-------+-------++-------
Melee: Hand axe          |    90 |   225 |    87 ||   402
Invok: Berserk           |     1 |     3 |     3 ||     7
  Use: Scroll            |       |       |    10 ||    10
 Stab: Sleeping          |     1 |       |       ||     1
  Eat: Chunk             |     2 |    10 |     3 ||    15
       Ration            |       |       |     1 ||     1
Armor: Animal skin       |    12 |       |       ||    12
       Scale mail        |    27 |   169 |    75 ||   271
Dodge: Dodged            |    63 |   159 |    64 ||   286
